 Dungeon Crawl Stone Soup version 0.21-a0-110-g8e1637b (webtiles) character file.

55279 MackTheKnife the Thaumaturge (level 14, -6/84 HPs)
             Began as a Deep Elf Ice Elementalist on July 9, 2017.
             Was a High Priest of Vehumet.
             Mangled by Donald
             ... wielding a +2 scimitar of slicing
              (9 damage)
             ... on level 2 of the Orcish Mines on July 10, 2017.
             The game lasted 01:06:24 (24041 turns).

MackTheKnife the Thaumaturge (DEIE)                Turns: 24041, Time: 01:06:24

Health: -6/84      AC: 22    Str:  5    XL:     14   Next: 37%
Magic:  0/45       EV: 19    Int: 26    God:    Vehumet [*****.]
Gold:   1544       SH:  0    Dex: 15    Spells: 13/39 levels left

rFire    . . .     SeeInvis .   a - +7 scimitar of Tenacity {drain, +Rage rC- rN+ MR+}
rCold    . . .     Gourm    .   (no shield)
rNeg     + . .     Faith    .   n - +3 leather armour {rC+}
rPois    .         Spirit   .   F - +2 helmet
rElec    .         Reflect  .   e - scarf {repulsion}
rCorr    .         Harm     .   l - +0 pair of gloves
MR       +++..                  R - +2 pair of boots of the Assassin {Detection Stab+ Stlth++}
Stlth    +++++++...             o - amulet of magic regeneration
HPRegen  0.24/turn              A - ring "Ruowimp" {MR+ Slay+2}
MPRegen  0.54/turn              W - ring of magical power {MP+9}

@: icy armour, very slightly contaminated, repel missiles, slow
A: talons 1, high mp 1
a: Renounce Religion, Evoke Berserk Rage


You were on level 2 of the Orcish Mines.
You worshipped Vehumet.
Vehumet was extremely pleased with you.
You were not hungry.

You visited 4 branches of the dungeon, and saw 19 of its levels.
You also visited: Labyrinth.

You collected 1544 gold pieces.

Inventory:

Hand Weapons
 a - the +7 scimitar of Tenacity (weapon) {drain, +Rage rC- rN+ MR+}
   (You took it off a kobold on level 9 of the Dungeon)

   A truly terrible weapon, it drains the life of those it strikes.
   It makes you vulnerable to cold.
   It protects you from negative energy.
   It affects your resistance to hostile enchantments.
   It lets you go berserk.
Armour
 e - a scarf of repulsion (worn)
   (You found it on level 3 of the Dungeon)
 l - a +0 pair of gloves (worn)
   (You found it on level 9 of the Dungeon)
 n - a +3 leather armour of cold resistance (worn)
   (You took it off Duvessa on level 4 of the Dungeon)
 F - a +2 helmet (worn)
   (You found it on level 1 of the Lair of Beasts)
 R - the +2 pair of boots of the Assassin (worn) {Detection Stab+ Stlth++}
   (You acquired it on level 5 of the Lair of Beasts)

   It makes you much more stealthy.
Magical Staves
 G - an uncursed staff of wizardry {wiz+, !a}
   (You found it on level 1 of the Lair of Beasts)
Jewellery
 d - an uncursed ring of fire {rF+, rC-}
   (You found it on level 2 of the Dungeon)
 o - an amulet of magic regeneration (around neck)
   (You found it on level 4 of the Dungeon)
 r - an uncursed ring of positive energy {rN+}
   (You found it on level 5 of the Dungeon)
 y - an uncursed ring of resist corrosion
   (You found it on level 3 of the Lair of Beasts)
 A - the ring "Ruowimp" (left hand) {MR+ Slay+2}
   (You took it off a kobold on level 9 of the Dungeon)

   [ring of protection from magic]

   It affects your accuracy and damage with ranged weapons and melee attacks
   (+2).
   It affects your resistance to hostile enchantments.
 O - an uncursed ring of protection from fire {rF+, !d}
   (You found it on level 3 of the Lair of Beasts)
 P - an uncursed ring of protection from cold {rC+, !d}
   (You found it on level 4 of the Lair of Beasts)
 Q - an uncursed ring of flight {+Fly, !d}
   (You found it on level 6 of the Lair of Beasts)
 W - a ring of magical power (right hand) {MP+9}
   (You found it in a labyrinth)
Wands
 t - a wand of iceblast (9/15)
   (You found it on level 10 of the Dungeon)
 D - a wand of acid (7/15)
   (You found it on level 10 of the Dungeon)
 S - a wand of acid (8/15)
   (You found it on level 10 of the Dungeon)
Scrolls
 b - a scroll of blinking {!r}
 g - 9 scrolls of remove curse
 j - 2 scrolls of magic mapping {!r}
 k - 3 scrolls of immolation {!r}
 m - a scroll of amnesia
 q - 3 scrolls of teleportation
 v - 5 scrolls of enchant weapon
 x - 2 scrolls of recharging
 J - a scroll of fog
 K - 2 scrolls of enchant armour
Potions
 h - 4 potions of curing
 i - a potion of flight
 p - 4 potions of heal wounds
 s - a potion of might
 w - a potion of agility
 B - 2 potions of brilliance
 C - a potion of cancellation
 E - 3 potions of mutation {!q}
 I - 2 potions of resistance
 L - a potion of haste
 M - a potion of ambrosia
 N - a potion of invisibility {unknown}
 Y - 2 potions of berserk rage {!q}
 Z - 2 potions of magic
Comestibles
 c - 2 bread rations {@e1}
 f - 6 meat rations {@e2}
 u - 29 fruits
 z - 6 royal jellies
 H - a chunk of flesh {@w0}


   Skills:
 - Level 8.0 Fighting
 - Level 8.0 Long Blades
 - Level 12.0 Dodging
 - Level 13.0 Stealth
 + Level 13.1 Spellcasting
 + Level 9.8 Conjurations
 - Level 7.0 Charms
 - Level 4.0 Summonings
 - Level 8.6 Ice Magic
 + Level 5.6 Earth Magic


You had 13 spell levels left.
You knew the following spells:

 Your Spells              Type           Power        Failure   Level  Hunger
a - Ozocubu's Armour      Chrm/Ice       ######..     1%          3    None
b - Summon Ice Beast      Ice/Summ       ######..     4%          4    None
c - Throw Icicle          Conj/Ice       ######..     1%          4    None
e - Conjure Flame         Conj/Fire      #####...     1%          3    None
f - Iron Shot             Conj/Erth      ######....   10%         6    #####..
g - Bolt of Cold          Conj/Ice       ######....   5%          6    #####..


Dungeon Overview and Level Annotations

Branches:
Dungeon (10/15)            Temple (1/1) D:7            Lair (6/6) D:8
 Shoals (0/4) Lair:4       Spider (0/4) Lair:4        Slime (0/5) Lair:5
    Orc (2/2) D:9
    Elf: Orc:2

Altars:
Ashenzari
Cheibriados
Dithmenos
Elyvilon
Fedhas
Gozag
Hepliaklqana
Kikubaaqudgha
Makhleb
Nemelex Xobeh
Okawaru
Qazlal
Ru
Sif Muna
Trog
Uskayaw
Vehumet
Wu Jian
Xom
Yredelemnul
Zin
The Shining One
Beogh

Annotations:
D:5 exclusion: moth of wrath
Orc:2 Donald


Innate Abilities, Weirdness & Mutations

You have sharp toenails.
You have an increased reservoir of magic. (+10% MP)


Message History

Vehumet accepts your kill.
You feel your power returning.
You now have 17/45 mp.
You can't see any susceptible monsters within range! (Use Z to cast anyway.) Unknown command.
Unknown command.
Items here: ( )) [ † a dagger of draining; a dagger; a robe; a tomahawk; an orc corpse You butcher the orc corpse.
The orc wizard gestures at you while chanting.
The magic dart hits you!
Items here: % ( )) [ a dagger of draining; a dagger; a robe; a tomahawk; a chunk of flesh {@w0}
Aim: an orc wizard, wielding a dagger and wearing a robe The shard of ice hits the orc wizard.
The orc wizard casts a spell at you. The magic dart hits you!
You now have 14/45 mp.
Aim: an orc wizard, wielding a dagger and wearing a robe (severely wounded)
The shard of ice hits the orc wizard.
You kill the orc wizard!
Vehumet accepts your kill.
You feel your power returning.
You now have 12/45 mp.
You start resting.
Health restored: 84; MP restored: 45
H - a chunk of flesh {@w0}
Items here: ( )) [ a dagger of draining; a dagger; a robe; a tomahawk
Things that are here:
a flail; 3 tomahawks; a plate armour
Things that are here:
a dagger; a robe You now have 1544 gold pieces (gained 14).
Donald the Adventurer comes into view.
He is wielding a scimitar of slicing.
There is a stone staircase leading up here.
Okay, then.
Really walk into a travel-excluded area?
You can't see any susceptible monsters within range! (Use Z to cast anyway.)
You can't see any susceptible monsters within range! (Use Z to cast anyway.)
You can't see any susceptible monsters within range! (Use Z to cast anyway.) Unknown command.
Unknown command.
You can't see any susceptible monsters within range! (Use Z to cast anyway.) Unknown command.
Unknown command.
Okay, then.
Aim: Donald, wielding a scimitar of slicing, wearing a glowing plate armour and wearing a glowing shield (resting)
The shard of ice hits Donald.
Donald shouts!
Donald says, "That colour you're wearing?
I hate that."
You now have 41/45 mp.
Aim: Donald, wielding a scimitar of slicing, wearing a glowing plate armour and wearing a glowing shield (lightly wounded) Donald reflects the iron shot off his glowing shield!
The iron shot is repelled.
You now have 36/45 mp.
Aim: Donald, wielding a scimitar of slicing, wearing a glowing plate armour and wearing a shield of reflection (lightly wounded) Donald reflects the iron shot off his shield of reflection!
The iron shot misses you.
Donald says, "Orcs smell really bad.
Yuck."
Donald sighs.
You now have 31/45 mp.
Aim: Donald, wielding a scimitar of slicing, wearing a glowing plate armour and wearing a shield of reflection (lightly wounded)
The iron shot hits Donald.
You now have 25/45 mp.
Aim: Donald, wielding a scimitar of slicing, wearing a glowing plate armour and wearing a shield of reflection (moderately wounded)
You miscast Iron Shot.
You are very lightly contaminated with residual magic.
You feel a surge of energy from the ground.
You now have 20/45 mp.
The floor.
Unknown command.
Donald mumbles some strange words.
Donald seems to speed up.
There is a stone staircase leading up here.
A chill wind blows around you.
Donald mumbles some strange words.
Donald seems to grow stronger.
You now have 17/45 mp.
A film of ice covers your body! Donald hits you but does no damage.
You now have 15/45 mp.
Unknown command.
A chill wind blows around you.
Donald hits you with a scimitar of slicing!!!
Ouch! That really hurt!
Your ice beast completely misses Donald.
You take 45 damage, and have 39/84 hp.
MASSIVE DAMAGE!!
You now have 11/45 mp.
Aim: Donald, wielding a scimitar of slicing, wearing a glowing plate armour and wearing a shield of reflection (moderately wounded, fast, unusually strong)
You miscast Iron Shot.
Nothing appears to happen.
Donald misses you.
You riposte.
You barely miss Donald.
Your ice beast hits Donald but does no damage.
You now have 6/45 mp.
Aim: Donald, wielding a scimitar of slicing, wearing a glowing plate armour and wearing a shield of reflection (moderately wounded, fast, unusually strong)
The iron shot hits Donald.
Donald hits you with a scimitar of slicing!!!
* * * LOW HITPOINT WARNING * * *
You die...

#.......#.......
##......)#......
##...............
#................
#................
##...............
##...#)#)........
#.....#.)........
##......@Y.......
#......Y@........
##...............
#...............
##...............
#................
#................
##...#...........
#.............##


You could see Donald and 2 friendly ice beasts.

Vanquished Creatures
  A minotaur (Lab)
  9 hydras
  2 catoblepae
  3 death yaks (Lair:6)
  An ogre mage (D:9)
  A skeletal warrior (D:9)
  An orc knight (Orc:1)
  A deep elf mage (D:9)
  An orb spider (Lair:4)
  An orc sorcerer (Orc:1)
  2 manticores (Lair:6)
  21 elephants
  A merfolk siren (Lair:4)
  Maurice (D:8)
  9 spiny frogs
  A torpor snail (Lair:6)
  5 black mambas
  A gargoyle (Lab)
  3 rime drakes
  7 komodo dragons
  8 blink frogs
  A minotaur skeleton (Lab)
  6 dream sheep (Lair:6)
  9 hippogriffs
  Sigmund (D:2)
  19 yaks
  5 wyverns
  A spriggan (Lair:6)
  2 basilisks
  A hungry ghost (D:9)
  Menkaure (D:4)
  A warg (Orc:1)
  16 water moccasins
  Duvessa (D:4)
  8 porcupines
  2 sky beasts
  5 ogres
  A black bear (D:9)
  4 orc warriors
  A swamp drake (Lair:1)
  2 ice beasts
  2 phantoms
  A centaur (D:10)
  10 crocodiles
  7 wolves
  A big kobold (D:8)
  10 bullfrogs
  A water moccasin skeleton (D:5)
  A scorpion (D:5)
  Dowan (D:4)
  3 wights (D:6)
  A howler monkey (D:5)
  3 electric eels
  2 crimson imps
  A centaur zombie (D:6)
  6 hounds
  12 orc wizards
  A gnoll shaman (Orc:1)
  A jelly (D:8)
  Crazy Yiuf (D:7)
  11 orc priests
  2 iguanas
  4 worker ants
  A killer bee zombie (D:10)
  A hound zombie (D:9)
  A hound skeleton (D:9)
  2 worker ant zombies
  Robin (D:2)
  A howler monkey skeleton (D:5)
  11 gnolls
  14 adders
  3 shadow imps
  An ooze (D:4)
  An adder zombie (D:6)
  An adder skeleton (D:7)
  4 worms
  2 dart slugs (D:2)
  4 leopard geckos
  40 orcs
  2 ball pythons
  7 bats
  5 giant cockroaches
  18 goblins
  7 hobgoblins
  19 jackals
  17 kobolds
  A quokka (D:9)
  4 frilled lizards
  A jackal zombie (D:5)
  2 quokka skeletons
  11 rats
431 creatures vanquished.

Vanquished Creatures (collateral kills)
  2 hydras (Lair:6)
  A lindwurm (Lair:6)
  8 elephants
  A black mamba (Lair:6)
  A komodo dragon (Lair:1)
  A hornet (D:8)
  2 hippogriffs
  6 blink frogs
  4 dream sheep
  13 yaks
  Grum (D:8)
  A hungry ghost (D:6)
  17 water moccasins
  2 porcupines
  2 orc warriors (Orc:1)
  An ice beast (D:5)
  A necrophage (D:8)
  3 wolves
  3 ogres
  3 crocodiles
  4 big kobolds
  6 bullfrogs
  A scorpion (D:8)
  3 killer bees (D:8)
  A wight (D:6)
  A crimson imp (D:9)
  A bullfrog zombie (D:6)
  A hound (D:9)
  A jelly (D:8)
  A gnoll shaman (D:8)
  An orc priest (D:9)
  3 orc wizards
  An iguana (D:6)
  4 worker ants
  A worker ant zombie (D:7)
  8 adders
  4 gnolls
  A shadow imp (D:7)
  An adder zombie (D:6)
  8 orcs
  A giant cockroach (D:6)
  3 kobolds (D:9)
  A rat (D:5)
130 creatures vanquished.

Vanquished Creatures (others)
  12 fungi
  12 plants
24 creatures vanquished.

Grand Total: 585 creatures vanquished

Notes
Turn   | Place    | Note
-------+----------+-------------------------------------------
     0 | D:1      | MackTheKnife the Deep Elf Ice Elementalist began the quest for the Orb.
     0 | D:1      | Reached XP level 1. HP: 10/10 MP: 6/6
   349 | D:1      | Reached XP level 2. HP: 15/15 MP: 6/8
   370 | D:1      | Learned a level 2 spell: Throw Frost
   427 | D:1      | HP: 3/15 [jackal (1)]
   742 | D:1      | Reached skill level 4 in Ice Magic
  1010 | D:1      | Reached XP level 3. HP: 17/19 MP: 8/10
  1016 | D:1      | Learned a level 3 spell: Ozocubu's Armour
  1076 | D:2      | Reached skill level 4 in Spellcasting
  1612 | D:2      | Noticed Sigmund
  1616 | D:2      | Gained mutation: You have sharp toenails. [potion of mutation]
  1616 | D:2      | Gained mutation: You have an increased reservoir of magic. (+10% MP) [potion of mutation]
  1942 | D:2      | Noticed Robin
  1973 | D:2      | Reached XP level 4. HP: 22/24 MP: 10/13
  1986 | D:2      | Learned a level 4 spell: Summon Ice Beast
  2287 | D:2      | Killed Robin
  2682 | D:3      | Reached skill level 1 in Summonings
  2957 | D:2      | Reached skill level 5 in Spellcasting
  3017 | D:3      | Reached skill level 5 in Ice Magic
  3229 | D:3      | Reached XP level 5. HP: 28/28 MP: 6/16
  3238 | D:3      | Learned a level 4 spell: Throw Icicle
  3679 | D:2      | Killed Sigmund
  3679 | D:2      | Reached skill level 6 in Spellcasting
  3679 | D:2      | Reached XP level 6. HP: 32/32 MP: 16/18
  3761 | D:4      | Reached skill level 6 in Ice Magic
  3762 | D:4      | HP: 8/32 [gnoll/spear (7)]
  3764 | D:4      | HP: 2/32 [gnoll/spear (4)]
  4003 | D:4      | Noticed Menkaure
  4016 | D:4      | Killed Menkaure
  4115 | D:4      | Reached skill level 7 in Spellcasting
  4126 | D:4      | Found a burning altar of Makhleb.
  4557 | D:4      | Noticed Duvessa
  4557 | D:4      | Noticed Dowan
  4594 | D:4      | Killed Dowan
  4594 | D:4      | Reached XP level 7. HP: 36/36 MP: 8/21
  4605 | D:4      | HP: 9/54 [Duvessa/rapier of protection (10)]
  4607 | D:4      | Killed Duvessa
  5342 | D:5      | Entered Level 5 of the Dungeon
  5550 | D:5      | Reached skill level 7 in Ice Magic
  5599 | D:5      | Reached skill level 2 in Conjurations
  5599 | D:5      | Reached skill level 2 in Summonings
  5667 | D:5      | Reached skill level 8 in Spellcasting
  5845 | D:5      | Noticed a moth of wrath
  5848 | D:5      | Found a bloodstained altar of Trog.
  6178 | D:5      | Reached XP level 8. HP: 40/41 MP: 21/24
  6206 | D:5      | Reached skill level 3 in Summonings
  6359 | D:5      | Reached skill level 3 in Conjurations
  6767 | D:6      | Reached skill level 4 in Conjurations
  7129 | D:6      | Reached skill level 8 in Ice Magic
  7158 | D:6      | Reached skill level 9 in Spellcasting
  7789 | D:6      | Reached skill level 5 in Conjurations
  8191 | D:7      | HP: 3/41 [shadow imp/nerve-wracking pain (14)]
  8498 | D:7      | Found a staircase to the Ecumenical Temple.
  8511 | Temple   | Entered the Ecumenical Temple
  8537 | Temple   | Became a worshipper of Vehumet
  8634 | D:7      | Reached skill level 1 in Fighting
  8835 | D:7      | Reached XP level 9. HP: 35/47 MP: 22/26
  8977 | D:7      | Reached skill level 2 in Fighting
  9067 | D:7      | Found a runed door.
  9200 | D:7      | Noticed Crazy Yiuf
  9213 | D:7      | Killed Crazy Yiuf
  9296 | D:8      | Found a staircase to the Lair.
  9307 | D:8      | Paralysed by a hornet for 1 turns
  9310 | D:8      | Reached skill level 3 in Fighting
  9316 | D:8      | HP: 12/50 [poisoned by a hornet]
  9321 | D:8      | HP: 9/50 [poisoned by a hornet]
  9326 | D:8      | HP: 7/50 [poisoned by a hornet]
  9332 | D:8      | HP: 6/50 [poisoned by a hornet]
  9340 | D:8      | HP: 5/50 [poisoned by a hornet]
  9633 | D:8      | Found a basalt altar of Yredelemnul.
  9700 | D:8      | Noticed Grum
  9817 | D:8      | Reached skill level 4 in Fighting
  9999 | D:8      | Reached skill level 5 in Fighting
 10030 | D:8      | Noticed a two-headed hydra
 10036 | D:8      | Killed a two-headed hydra
 10036 | D:8      | Reached skill level 6 in Fighting
 10141 | D:8      | Found a snail-covered altar of Cheibriados.
 10192 | D:8      | Killed Grum
 10192 | D:8      | Reached skill level 7 in Fighting
 10305 | D:8      | Reached * piety under Vehumet
 10305 | D:8      | Offered knowledge of Sting by Vehumet.
 10380 | D:8      | Reached XP level 10. HP: 63/63 MP: 16/27
 10448 | D:8      | Found a deep blue altar of Sif Muna.
 11051 | D:9      | Noticed Maurice
 11073 | D:9      | Offered knowledge of Flame Tongue by Vehumet.
 11074 | D:9      | Reached ** piety under Vehumet
 11074 | D:9      | Reached skill level 8 in Fighting
 11119 | D:9      | Got a vibrating ivory ring
 11131 | D:9      | Got a pair of pitted gloves
 11132 | D:9      | Identified the ring "Ruowimp" {MR+ Slay+2} (You took it off a kobold on level 9 of the Dungeon)
 11144 | D:9      | Identified the cursed +0 pair of gloves of the Bruised Suns {+Fly Str+4 Int-5} (You found it on level 9 of the Dungeon)
 11158 | D:9      | Noticed an ogre mage
 11159 | D:9      | Got an encrusted scimitar {drain}
 11161 | D:9      | Noticed a skeletal warrior
 11374 | D:8      | Killed Maurice
 11374 | D:8      | Reached skill level 3 in Dodging
 11409 | D:8      | Reached skill level 4 in Dodging
 11707 | D:10     | Entered Level 10 of the Dungeon
 11710 | D:10     | Reached skill level 5 in Dodging
 11767 | Lair:1   | Entered Level 1 of the Lair of Beasts
 11773 | Lair:1   | Identified the +7 scimitar of Tenacity {drain, +Rage rC- rN+ MR+} (You took it off a kobold on level 9 of the Dungeon)
 11795 | Lair:1   | Reached skill level 1 in Long Blades
 11910 | Lair:1   | Reached skill level 6 in Dodging
 11952 | Lair:1   | Reached skill level 2 in Long Blades
 11958 | Lair:1   | Got a scorched ring mail
 12262 | Lair:1   | Reached skill level 3 in Long Blades
 12304 | Lair:1   | Reached skill level 7 in Dodging
 12402 | Lair:1   | Learned a level 4 spell: Iskenderun's Mystic Blast
 12463 | Lair:1   | Offered knowledge of Conjure Flame by Vehumet.
 12483 | Lair:1   | Learned a level 3 spell: Conjure Flame
 12486 | Lair:1   | Reached skill level 4 in Long Blades
 12557 | Lair:1   | Reached *** piety under Vehumet
 12558 | Lair:1   | Reached skill level 8 in Dodging
 12569 | D:8      | Reached XP level 11. HP: 63/68 MP: 1/28
 12911 | Lair:1   | Reached skill level 5 in Long Blades
 13142 | Lair:1   | Reached skill level 9 in Dodging
 13363 | Lair:2   | Noticed a four-headed hydra
 13367 | Lair:2   | Killed a four-headed hydra
 13393 | Lair:2   | Offered knowledge of Inner Flame by Vehumet.
 13400 | Lair:1   | HP: 17/68 [poisoned by a black mamba]
 13405 | Lair:1   | HP: 12/68 [poisoned by a black mamba]
 13410 | Lair:1   | HP: 9/68 [poisoned by a black mamba]
 13415 | Lair:1   | HP: 7/68 [poisoned by a black mamba]
 13420 | Lair:1   | HP: 6/68 [poisoned by a black mamba]
 13428 | Lair:1   | HP: 6/68 [poisoned by a black mamba]
 13436 | Lair:1   | HP: 6/68 [poisoned by a black mamba]
 13873 | Lair:2   | Reached skill level 6 in Long Blades
 13919 | Lair:2   | Reached skill level 10 in Dodging
 14277 | Lair:2   | Reached skill level 7 in Long Blades
 14370 | Lair:2   | Reached skill level 11 in Dodging
 14493 | Lair:2   | Got a fine plate armour
 14581 | Lair:2   | Reached **** piety under Vehumet
 14916 | Lair:2   | Offered knowledge of Fireball by Vehumet.
 15033 | Lair:3   | Reached XP level 12. HP: 71/73 MP: 21/30
 15064 | Lair:3   | Reached skill level 8 in Long Blades
 15156 | Lair:3   | Found a glowing golden altar of the Shining One.
 15318 | Lair:3   | Reached skill level 12 in Dodging
 15414 | Lair:3   | Noticed a seven-headed hydra
 15420 | Lair:3   | Killed a seven-headed hydra
 15420 | Lair:3   | Reached skill level 1 in Charms
 15489 | Lair:3   | Reached skill level 2 in Charms
 15684 | Lair:3   | Reached skill level 3 in Charms
 15775 | Lair:3   | Reached skill level 10 in Spellcasting
 16149 | Lair:4   | Found a hole to the Spider Nest.
 16156 | Lair:4   | Reached skill level 6 in Conjurations
 16156 | Lair:4   | Reached skill level 4 in Charms
 16514 | Lair:4   | Reached skill level 5 in Charms
 16710 | Lair:4   | Reached skill level 7 in Conjurations
 16728 | Lair:4   | Reached skill level 6 in Charms
 16915 | Lair:4   | Reached skill level 11 in Spellcasting
 17304 | Lair:4   | Found a staircase to the Shoals.
 17417 | Lair:5   | Noticed a five-headed hydra
 17421 | Lair:5   | Killed a five-headed hydra
 17421 | Lair:5   | Reached skill level 7 in Charms
 17426 | Lair:5   | Got a flickering brass ring
 17434 | Lair:5   | Identified the ring of Kezoaz {*Tele rN++} (You found it on level 5 of the Lair of Beasts)
 17519 | Lair:5   | Identified 2 scrolls of acquirement
 17586 | Lair:5   | Noticed an eight-headed hydra
 17589 | Lair:5   | Killed an eight-headed hydra
 17589 | Lair:5   | Reached skill level 4 in Stealth
 17643 | Lair:5   | Reached skill level 5 in Stealth
 17830 | Lair:5   | Reached ***** piety under Vehumet
 17830 | Lair:5   | Reached skill level 6 in Stealth
 17832 | Lair:5   | Offered knowledge of Spellforged Servitor by Vehumet.
 18014 | Lair:5   | Identified the cursed +0 ring mail of Liberty {+Blink} (You found it on level 1 of the Lair of Beasts)
 18114 | Lair:5   | Noticed an eight-headed hydra
 18118 | Lair:5   | Killed an eight-headed hydra
 18118 | Lair:5   | Reached skill level 7 in Stealth
 18118 | Lair:5   | Reached XP level 13. HP: 78/78 MP: 20/33
 18151 | Lair:5   | Found a staircase to the Slime Pits.
 18304 | Lair:6   | Entered Level 6 of the Lair of Beasts
 18310 | Lair:6   | Reached skill level 8 in Stealth
 18316 | Lair:6   | Found a labyrinth entrance.
 18339 | Lab      | Entered a labyrinth
 18502 | Lab      | Reached skill level 9 in Stealth
 18571 | Lab      | Noticed a minotaur
 18576 | Lab      | Killed a minotaur
 18580 | Lab      | Identified the Incunabulum of Darkness
 18580 | Lab      | Identified the Collected Works on Floating Arcane Weapons
 18581 | Lab      | Got a crystal trident
 18588 | Lab      | Identified the +9 trident "Ygia" {pierce, *Noise rC+ MP+9 Int+2} (You found it in a labyrinth)
 18735 | Lair:6   | Reached skill level 10 in Stealth
 18806 | Lair:6   | Learned a level 6 spell: Iron Shot
 18843 | Lair:6   | Got an ichor-stained rapier
 18844 | Lair:6   | Identified the cursed +3 rapier of Spite {freeze, +Fly rF+ Str-3 Dex+3} (You found it on level 6 of the Lair of Beasts)
 18867 | Lair:6   | Reached skill level 11 in Stealth
 18987 | Lair:6   | Reached skill level 12 in Stealth
 19449 | Lair:6   | Reached skill level 13 in Stealth
 19813 | Lair:5   | HP: 7/78 [catoblepas (29)]
 20475 | Lair:6   | Got a fine chain mail
 20483 | Lair:6   | Reached skill level 8 in Conjurations
 20533 | Lair:6   | Reached skill level 4 in Summonings
 20588 | Lair:6   | Reached skill level 1 in Earth Magic
 20756 | Lair:6   | Reached skill level 2 in Earth Magic
 20952 | Lair:6   | Reached skill level 12 in Spellcasting
 21090 | Lair:6   | Reached skill level 3 in Earth Magic
 21294 | Lair:6   | Reached XP level 14. HP: 84/84 MP: 34/35
 21362 | Lair:6   | Reached skill level 9 in Conjurations
 21457 | Lair:6   | HP: 17/84 [black mamba (16)]
 21460 | Lair:6   | Reached skill level 4 in Earth Magic
 21464 | Lair:6   | HP: 11/84 [yak (8)]
 21470 | Lair:6   | HP: 6/84 [water moccasin (7)]
 22150 | Lair:1   | Learned a level 6 spell: Bolt of Cold
 22310 | D:9      | Found a roughly hewn altar of Beogh.
 22312 | D:9      | Found a staircase to the Orcish Mines.
 22419 | D:9      | Found a white marble altar of Elyvilon.
 22559 | D:9      | Found a glowing silver altar of Zin.
 22840 | D:9      | Reached skill level 5 in Earth Magic
 23271 | D:10     | Identified the +6 chain mail "Domanapp" {*Drain +Inv rN+++ Regen+} (You found it on level 6 of the Lair of Beasts)
 23288 | D:10     | Found a snail-covered altar of Cheibriados.
 23703 | Orc:1    | Entered Level 1 of the Orcish Mines
 23713 | Orc:1    | Reached skill level 13 in Spellcasting
 23717 | Orc:1    | Offered knowledge of Orb of Destruction by Vehumet.
 23835 | Orc:1    | Found a roughly hewn altar of Beogh.
 23908 | Orc:2    | Entered Level 2 of the Orcish Mines
 24015 | Orc:2    | Noticed Donald
 24041 | Orc:2    | HP: 3/84 [Donald/scimitar of slicing (37)]
 24041 | Orc:2    | Mangled by Donald

Vault maps used:
D:1:      saegor_arrival_simple_f
D:2:      first_bread, grunt_ministairs_3, uniq_sigmund, uniq_robin
D:4:      bloody_makhleb, kennysheep_path_1, uniq_duvessa, uniq_menkaure
D:5:      tgw_trog, moated_statue, kennysheep_generic_room_13
D:7:      minmay_temple_entry_purple_smoke, uniq_crazy_yiuf_cottage
D:8:      minitemple, lair_entry_dummy, hangedman_ranch, lemuel_statue_altar,
          uniq_grum
D:9:      minmay_cut_squares, elyvilon_altar_5, marbit_many_paths, david_orc_5,
          minivault_27, hex_tiny, fountainhead, uniq_maurice
D:10:     cheibriados_altar_1
Temple:   lightli_temple_of_artemis
Lair:1:   lemuel_reptile_caves, serial_bayou_shore_a
Lair:2:   serial_bayou_crossing, grunt_megastairs_2
Lair:3:   basic_altar
Lair:4:   minmay_shoals_entry_lonely_mermaid, nicolae_spider_entry_orb_guardian
Lair:5:   slime_dummy
Lair:6:   hangedman_lair_in_review, lab_entry_generic, st_stairs_10,
          serial_bayou_pond_a, grunt_forest_large_clearing_hut
Orc:1:    minmay_orc_temple_a
Orc:2:    st_orc_rangers, uniq_nessos, uniq_azrael, uniq_donald, uniq_snorg
Lab:      labyrinth_hidden_loot, nicolae_lab_big_swirl, nicolae_lab_grate_2,
          lab_hedge, nicolae_lab_quarters, nicolae_lab_very_dead_end,
          labyrinth_skeletal_remains, nicolae_lab_swirl

Skill      XL: |  1  2  3  4  5  6  7  8  9 10 11 12 13 14 |
---------------+-------------------------------------------+-----
Ice Magic      | 4 5 6 7 8 |  8.6
Spellcasting   | 4 5 6 7 8 9 11 12 13 | 13.1
Summonings     | 1 2 3 4 |  4.0
Conjurations   | 2 5 7 8 9 |  9.8
Fighting       | 1 7 8 |  8.0
Dodging        | 8 11 12 | 12.0
Long Blades    | 4 7 8 |  8.0
Charms         | 7 |  7.0
Stealth        | 7 13 | 13.0
Earth Magic    | 3 5 |  5.6

Action                   |  1- 3 |  4- 6 |  7- 9 | 10-12 | 13-15 || total
-------------------------+-------+-------+-------+-------+-------++-------
Melee: Unarmed           |     4 |       |       |       |       ||     4
       Whip              |    25 |     6 |       |       |       ||    31
       Kick              |     3 |     9 |    65 |    47 |       ||   124
       War axe           |       |    16 |       |       |       ||    16
       Hand axe          |       |    27 |     1 |       |       ||    28
       Rapier            |       |       |   208 |       |       ||   208
       Trident           |       |       |    85 |    72 |       ||   157
       Quarterstaff      |       |       |    35 |       |       ||    35
       Scimitar          |       |       |       |   131 |   146 ||   277
 Cast: Freeze            |    68 |    55 |    55 |    17 |       ||   195
       Throw Frost       |     3 |    17 |    15 |    33 |       ||    68
       Ozocubu's Armour  |     3 |     3 |    36 |    48 |    20 ||   110
       Summon Ice Beast  |       |     9 |    36 |    65 |    38 ||   148
       Throw Icicle      |       |       |    10 |   197 |   273 ||   480
       Iskenderun's Myst |       |       |       |    13 |     2 ||    15
       Conjure Flame     |       |       |       |     8 |     1 ||     9
       Iron Shot         |       |       |       |       |     9 ||     9
       Bolt of Cold      |       |       |       |       |     8 ||     8
 Abil: Evoke Berserk Rag |       |     1 |       |       |       ||     1
  Use: Scroll            |     2 |     6 |    10 |    12 |    15 ||    45
       Potion            |     5 |     4 |     1 |       |     4 ||    14
 Stab: Sleeping          |     1 |     2 |     1 |     1 |    10 ||    15
       Distracted        |       |     2 |     5 |     5 |     2 ||    14
  Eat: Chunk             |     3 |     5 |    10 |    21 |    12 ||    51
       Bread ration      |       |     1 |     3 |     1 |     2 ||     7
       Fruit             |       |       |     1 |       |       ||     1
       Royal jelly       |       |       |       |     2 |     1 ||     3
Armor: Robe              |    17 |     3 |       |       |       ||    20
       Animal skin       |       |    29 |     1 |       |       ||    30
       Skin              |       |     3 |     3 |       |       ||     6
       Leather armour    |       |       |   168 |   122 |    84 ||   374
Dodge: Dodged            |    80 |    51 |   281 |   244 |   247 ||   903
       Deflected         |       |       |       |     5 |     8 ||    13
       Rpst.: Scimitar   |       |       |       |    65 |    63 ||   128

Vault maps used:
D:1:      saegor_arrival_simple_f
D:2:      first_bread, grunt_ministairs_3, uniq_sigmund, uniq_robin
D:4:      bloody_makhleb, kennysheep_path_1, uniq_duvessa, uniq_menkaure
D:5:      tgw_trog, moated_statue, kennysheep_generic_room_13
D:7:      minmay_temple_entry_purple_smoke, uniq_crazy_yiuf_cottage
D:8:      minitemple, lair_entry_dummy, hangedman_ranch, lemuel_statue_altar,
          uniq_grum
D:9:      minmay_cut_squares, elyvilon_altar_5, marbit_many_paths, david_orc_5,
          minivault_27, hex_tiny, fountainhead, uniq_maurice
D:10:     cheibriados_altar_1
Temple:   lightli_temple_of_artemis
Lair:1:   lemuel_reptile_caves, serial_bayou_shore_a
Lair:2:   serial_bayou_crossing, grunt_megastairs_2
Lair:3:   basic_altar
Lair:4:   minmay_shoals_entry_lonely_mermaid, nicolae_spider_entry_orb_guardian
Lair:5:   slime_dummy
Lair:6:   hangedman_lair_in_review, lab_entry_generic, st_stairs_10,
          serial_bayou_pond_a, grunt_forest_large_clearing_hut
Orc:1:    minmay_orc_temple_a
Orc:2:    st_orc_rangers, uniq_nessos, uniq_azrael, uniq_donald, uniq_snorg
Lab:      labyrinth_hidden_loot, nicolae_lab_big_swirl, nicolae_lab_grate_2,
          lab_hedge, nicolae_lab_quarters, nicolae_lab_very_dead_end,
          labyrinth_skeletal_remains, nicolae_lab_swirl

Table legend:
 A = Turns spent in this place as a percentage of turns spent in the entire game.
 B = Non-inter-level travel turns spent in this place as a percentage of non-inter-level travel turns spent in the entire game.
 C = Inter-level travel turns spent in this place as a percentage of turns spent in this place.
 D = Turns resting spent in this place as a percentage of non-inter-level travel turns spent in this place.
 E = Turns spent auto-exploring this place as a percentage of non-inter-level travel turns spent in this place.
 F = Non-inter-level travel turns spent in this place divided by the number of levels of this place that you've seen.
                   A       B       C       D       E      F
               +-------+-------+-------+-------+-------+----------------------
         Total | 100.0 | 100.0 |   0.7 |   5.8 |   7.9 | 321.5
       Dungeon |  55.0 |  55.0 |   0.8 |   5.7 |   9.0 | 353.7
        Temple |   0.5 |   0.5 |   3.3 |   0.0 |   0.0 |  29.0
          Lair |  40.1 |  40.1 |   0.7 |   6.3 |   6.6 | 429.8
  Orcish Mines |   2.1 |   2.1 |   0.7 |   1.5 |  16.4 |  67.0
     Labyrinth |   2.3 |   2.3 |   0.0 |   4.0 |   0.0 | 151.0
               +-------+-------+-------+-------+-------+----------------------

Table legend:
 A = Kills in this place as a percentage of kills in entire the game.
 B = Kills by you in this place as a percentage of kills by you in the entire game.
 C = Kills by friends in this place as a percentage of kills by friends in the entire game.
 D = Other kills in this place as a percentage of other kills in the entire game.
 E = Experience gained in this place as a percentage of experience gained in the entire game.
 F = Experience gained in this place divided by the number of levels of this place that you have seen.
                   A       B       C       D       E      F
               +-------+-------+-------+-------+-------+----------------------
         Total | 100.0 | 100.0 | 100.0 |  -nan | 100.0 | 3948.5
       Dungeon |  52.8 |  55.2 |  44.6 |  -nan |  16.3 | 1284.1
          Lair |  40.3 |  36.9 |  51.5 |  -nan |  78.3 | 10304.3
  Orcish Mines |   6.4 |   7.2 |   3.8 |  -nan |   3.2 | 1251.0
     Labyrinth |   0.5 |   0.7 |   0.0 |  -nan |   2.3 | 1801.0
               +-------+-------+-------+-------+-------+----------------------
